 Dungeon Crawl Stone Soup version 0.28.0 (webtiles) character file.

Game seed: 13279119171377267848

366 smazza the Changer (level 6, -6/44 HPs)
             Began as a Merfolk Transmuter on Feb 5, 2022.
             Mangled by a killer bee (7 damage)
             ... on level 4 of the Dungeon.
             The game lasted 00:13:29 (4167 turns).

smazza the Changer (Merfolk Transmuter)             Turns: 4167, Time: 00:13:29

Health: -6/44      AC:  2    Str: 11    XL:     6   Next: 68%
Magic:  18/18      EV: 20    Int: 14    God:
Gold:   177        SH:  0    Dex: 19    Spells: 3/9 levels left

rFire   . . .      SeeInvis .     - Unarmed
rCold   . . .      Faith    .   (shield currently unavailable)
rNeg    . . .      Spirit   .   (armour currently unavailable)
rPois   x          Reflect  .   (helmet currently unavailable)
rElec   .          Harm     .   (cloak currently unavailable)
rCorr   .          Rampage  .   (gloves currently unavailable)
Will    .....      Clarity  +   (boots currently unavailable)
Stlth   ++........              (no amulet)
HPRegen 0.14/turn               b - ring of magical power
MPRegen 0.16/turn               (no ring)

@: mighty, spider-form, wereblooded
A: venomous fangs, tiny, (nimble swimmer 2), (mertail), (horns 1), clarity
a: End Transformation


You were on level 4 of the Dungeon.
You were a venomous arachnid creature.
You visited 1 branch of the dungeon, and saw 4 of its levels.

You collected 177 gold pieces.

Inventory:

Missiles
 e - 86 stones
Armour
 a - a +0 robe (melded)
 g - a +1 pair of gloves (melded)
 j - a +0 cloak (melded)
Jewellery
 b - a ring of magical power (left front leg)
Wands
 i - a wand of flame (2)
Scrolls
 h - 3 scrolls of teleportation


   Skills:
 + Level 2.1 Fighting
 - Level 2.6 Dodging
 * Level 5.1 Unarmed Combat
 + Level 2.0 Spellcasting
 + Level 5.4 Transmutations
 * Level 3.9 Poison Magic


You had 3 spell levels left.
You knew the following spells:

 Your Spells              Type           Power      Damage    Failure   Level
a - Beastly Appendage     Tmut           32%        N/A       10%         1
b - Spider Form           Tmut/Pois      14%        N/A       26%         3
c - Wereblood             Tmut           16%        N/A       12%         2

Your spell library contained the following spells:

 Spells                   Type           Power      Damage    Failure   Level
 Ice Form                 Ice/Tmut       9%         N/A       80%         4
 Chain Lightning          Conj/Air       0%         2d1       100%        9
 Fire Storm               Conj/Fire      0%         6d1       100%        9
 Shatter                  Erth           0%         3d5*      100%        9


Dungeon Overview and Level Annotations

Branches:
Dungeon (4/15)
 Temple: D:4-7

Altars:
Cheibriados

Shops:
D:3 *   D:4 =


Innate Abilities, Weirdness & Mutations

You are a venomous arachnid creature.
You have poisonous fangs.
You are tiny and dextrous.
Your spellcasting is less reliable in this form.
Your armour is entirely melded.
You are incapable of wielding weapons or throwing items.
((You are very nimble when in or above water. (Stealth+, EV+, Speed+++)))
((Your lower body shifts to a powerful aquatic tail in water.))
((You have a pair of small horns on your head.))
You possess an exceptional clarity of mind.


Message History

Your punch misses the killer bee.
The killer bee is lightly wounded.
The killer bee barely misses you. The killer bee stings you.
You are poisoned.
The killer bee poisons you!
You miss the killer bee.
You punch the killer bee, but do no damage.
The killer bee is lightly wounded.
You feel sick.
The killer bee stings you but does no damage.
The killer bee stings you.
Casting: Wereblood (safe; 3% risk of failure)
Confirm with . or Enter, or press ? or * to list all spells.
Your horns disappear.
You turn into a venomous arachnid creature.
Your +0 cloak melds into your body.
Your +1 pair of gloves melds into your body.
Your +0 robe melds into your body.
You feel sick. The killer bee closely misses you. x2
Unknown command.
You closely miss the killer bee.
The killer bee is lightly wounded.
The killer bee stings you!
* * * LOW HITPOINT WARNING * * *
The killer bee closely misses you.
You hit the killer bee but do no damage.
The killer bee is poisoned.
The killer bee is lightly wounded.
You feel sick. The killer bee misses you.
It was a potion of magic.
Magic courses through your body.
You feel sick. The killer bee misses you. The killer bee completely misses you.
It was a potion of mutation.
You feel extremely strange.
Your thoughts seem clearer.
A pair of horns grows on your head!
You feel sick.
You are no longer poisoned.
The killer bee barely misses you. The killer bee stings you!
* * * LOW HITPOINT WARNING * * *
You feel very mighty all of a sudden. The killer bee barely misses you.
The killer bee stings you!
You die...

### .. #.
..#.##.#####
......gys..###
....##.###.#.#
. #. #....###
## ..
##.....##§≈##
###
##......§≈≈#
##....≈.≈.. #.
### #..≈≈§§.≈#
... ..#
#.#§§≈§≈## #.#
#.# ##'###≈≈##


You could see a killer bee (poisoned) and a hobgoblin.

Vanquished Creatures
  A black bear (D:4)
  A hound (D:4)
  Crazy Yiuf (D:3)
  An iguana (D:2)
  Natasha (thrice) (D:3)
  5 adders
  An adder skeleton (D:4)
  3 dart slugs
  An orc (D:3)
  3 ball pythons
  3 endoplasms
  5 giant cockroaches
  6 goblins
  4 hobgoblins
  6 jackals
  5 kobolds
  A quokka (D:2)
  5 bats
  4 frilled lizards
  6 rats
65 creatures vanquished.

Notes
Turn   | Place    | Note
-------+----------+-------------------------------------------
     0 | D:1      | smazza the Merfolk Transmuter began the quest for the Orb.
     0 | D:1      | Reached XP level 1. HP: 15/15 MP: 3/3
    28 | D:1      | Found a faded altar of an unknown god.
   557 | D:1      | Reached XP level 2. HP: 20/21 MP: 3/5
   740 | D:1      | You fall into a shaft and drop 1 floor!
   775 | D:2      | Reached XP level 3. HP: 7/26 MP: 6/6
  1216 | D:2      | Learned a level 3 spell: Spider Form
  1219 | D:2      | Learned a level 2 spell: Wereblood
  1565 | D:2      | Reached XP level 4. HP: 25/32 MP: 7/7
  1572 | D:2      | Reached skill level 1 in Poison Magic
  2185 | D:3      | Found Wayqo's Assorted Antiques.
  2356 | D:3      | Noticed Natasha
  2374 | D:3      | Killed Natasha
  2374 | D:3      | Noticed Natasha
  2387 | D:3      | Killed Natasha
  2388 | D:3      | Reached XP level 5. HP: 26/37 MP: 8/8
  3018 | D:3      | Found a runed translucent door.
  3019 | D:3      | Noticed Crazy Yiuf
  3034 | D:3      | Killed Crazy Yiuf
  3337 | D:3      | Noticed Natasha
  3357 | D:3      | Killed Natasha
  3358 | D:3      | Reached skill level 5 in Transmutations
  3761 | D:4      | Noticed a black bear
  3785 | D:4      | Killed a black bear
  3786 | D:4      | Reached skill level 5 in Unarmed Combat
  3786 | D:4      | Reached XP level 6. HP: 40/44 MP: 9/9
  4021 | D:4      | Found a snail-covered altar of Cheibriados.
  4029 | D:4      | Found Piudev's Jewellery Boutique.
  4166 | D:4      | Gained mutation: You possess an exceptional clarity of
                  | mind. [potion of mutation]
  4166 | D:4      | Gained mutation: You have a pair of small horns on your
                  | head. [potion of mutation]
  4166 | D:4      | HP: 1/44 [killer bee (7)]
  4167 | D:4      | Mangled by a killer bee

Illustrated notes

Levels and vault maps discovered:
D:1:      dpeg_arrival_pits, layout_basic, dreamdust_ecumenical_altar_statues,
          st_stairs_2, minmay_pentomino_r4
D:2:      layout_basic
D:3:      layout_basic, serial_shops, shop, uniq_natasha,
          uniq_crazy_yiuf_cottage
D:4:      layout_loops_corners, mainiacjoe_overflow_small_starburst,
          mainiacjoe_overflow_chevrons, minmay_temple_entry_fiery,
          minmay_shop_enchanted_jewellery, serial_bayou_pond_d, st_stairs_1,
          minmay_manual_mares

Skill      XL: |  1  2  3  4  5  6 |
---------------+-------------------+-----
Transmutations | 3 4 5 |  5.4
Unarmed Combat | 4 5 |  5.1
Poison Magic   | 2 3 |  3.9
Fighting       | 2 |  2.1
Dodging        | |  2.6
Spellcasting   | |  2.0

Action                   |  1- 3 |  4- 6 || total
-------------------------+-------+-------++-------
Melee: Unarmed           |    79 |   159 ||   238
       Headbutt          |     3 |    14 ||    17
       Punch             |     2 |     5 ||     7
Throw: Stone             |     2 |     1 ||     3
 Cast: Beastly Appendage |    11 |    21 ||    32
       Wereblood         |       |     4 ||     4
       Spider Form       |       |     3 ||     3
  Use: Scroll            |     2 |     4 ||     6
       Potion            |     1 |     3 ||     4
 Stab: Sleeping          |     2 |     1 ||     3
Armor: Robe              |    21 |    33 ||    54
       Skin              |       |     1 ||     1
Dodge: Dodged            |    38 |   115 ||   153
